TOP OF THE 1ST |
Austin Rangers batting - Pitching for Las Vegas Flamingos : LHP Jesús Tejeda
|
Pitching: LHP Jesús Tejeda
|
|
Batting: RHB Tony Hernández
|
0-0: Called Strike 0-1: Ball 1-1: Ball 2-1: Foul Ball, location: 2F 2-2: Reached on error, E4 (Groundball, 4)
|
Batting: SHB Xavier Vásquez
|
0-0: Ball 1-0: Called Strike 1-1: Foul Ball, location: 2F 1-2: Ball 2-2: Foul Ball, location: 2F 2-2: Foul Ball, location: 2F 2-2: SINGLE (Groundball, 56D) Tony Hernández to third Runner from 3rd tries for Home, SAFE, no throw or cutoff
|
Batting: LHB Jesús Reyes
|
0-0: Hit by Pitch Xavier Vásquez to second
|
Batting: LHB Yun Yen
|
0-0: Foul Ball, location: 2F 0-1: Ball 1-1: Called Strike 1-2: Ball 2-2: SINGLE (Flyball, 7S) Xavier Vásquez to third Jesús Reyes to second Throwing error, E7 Xavier Vásquez scores Jesús Reyes to third Yun Yen to second
|
Batting: RHB Jeff Green
|
0-0: Foul Ball, location: 2F 0-1: Foul Ball, location: 2F 0-2: Ball 1-2: Foul Ball, location: 2F 1-2: Foul Ball, location: 2F 1-2: SINGLE (Popup, 4MD) Jesús Reyes scores Yun Yen to third Runner from 3rd tries for Home, SAFE, throw made home
|
Batting: RHB Pablo Trujillo
|
0-0: Called Strike 0-1: Ball 1-1: Ball 2-1: Foul Ball, location: 2F 2-2: Foul Ball, location: 2F 2-2: Grounds into double play, 6-4-3 (Groundball, 6)
|
Batting: LHB Motoshige Kitamura
|
0-0: Ball 1-0: Called Strike 1-1: Called Strike 1-2: Ground out 4-3 (Groundball, 4M)
|
Top of the 1st over - 4 run(s), 3 hit(s), 2 error(s), 0 left on base; Austin 4 - Las Vegas 0 |
BOTTOM OF THE 1ST |
Las Vegas Flamingos batting - Pitching for Austin Rangers : RHP Juan Valéncia
|
Pitching: RHP Juan Valéncia
|
|
Batting: RHB Sake van Arem
|
0-0: Ball 1-0: Ball 2-0: Ball 3-0: Called Strike 3-1: Base on Balls
|
Batting: RHB Ted Young
|
0-0: Ball 1-0: Ball 2-0: Foul Ball, location: 2F 2-1: Fly out, F6 (Popup, 6MD)
|
Batting: LHB Victor Adams
|
Pickoff Throw to First - Error! E1 Sake van Arem to second 0-0: Called Strike 0-1: 2-RUN HOME RUN (Flyball, 9D), Distance : 383 ft
|
Batting: RHB Jeff Young
|
0-0: Ball 1-0: Ball 2-0: DOUBLE (Line Drive, 5L)
|
Batting: LHB Chris McKinney
|
0-0: Foul Ball, location: 2F 0-1: Ground out U3 (Groundball, 3) Jeff Young to third
|
Batting: RHB Terry Sylvester
|
0-0: Ball 1-0: Swinging Strike 1-1: Called Strike 1-2: Ball 2-2: Ball 3-2: Base on Balls
|
Batting: RHB Pablo Lugo
|
0-0: Called Strike 0-1: Ball 1-1: Ball 2-1: Fielders Choice at 2nd, U6 (Groundball, 6M)
|
Bottom of the 1st over - 2 run(s), 2 hit(s), 1 error(s), 2 left on base; Austin 4 - Las Vegas 2 |
TOP OF THE 2ND |
Austin Rangers batting - Pitching for Las Vegas Flamingos : LHP Jesús Tejeda
|
Batting: RHB Yuji Ine
|
0-0: Ball 1-0: Fly out, F6 (Popup, 5D)
|
Batting: LHB Phil Ritchie
|
0-0: Ball 1-0: Ball 2-0: Ball 3-0: Base on Balls
|
Batting: RHB Tony Hernández
|
0-0: Swinging Strike 0-1: Ball 1-1: Ball 2-1: Grounds into double play, 5-4-3 (Groundball, 56)
|
Top of the 2nd over - 0 run(s), 0 hit(s), 0 error(s), 0 left on base; Austin 4 - Las Vegas 2 |
BOTTOM OF THE 2ND |
Las Vegas Flamingos batting - Pitching for Austin Rangers : RHP Juan Valéncia
|
Batting: LHB Sinclair van Kooten
|
0-0: Ball 1-0: Ball 2-0: Called Strike 2-1: Ball 3-1: Foul Ball, location: 2F 3-2: Strikes out swinging
|
Batting: SHB Shojiro Kimura
|
0-0: Called Strike 0-1: Ball 1-1: Ground out 4-3 (Groundball, 4M)
|
Batting: RHB Sake van Arem
|
0-0: Ball 1-0: Hit by Pitch
|
Batting: RHB Ted Young
|
0-0: Ball Sake van Arem is caught stealing 2nd base
|
Bottom of the 2nd over - 0 run(s), 0 hit(s), 0 error(s), 0 left on base; Austin 4 - Las Vegas 2 |
TOP OF THE 3RD |
Austin Rangers batting - Pitching for Las Vegas Flamingos : LHP Jesús Tejeda
|
Batting: SHB Xavier Vásquez
|
0-0: Foul Ball, location: 2F 0-1: Ball 1-1: Ball 2-1: SINGLE (Groundball, 5D)
|
Batting: LHB Jesús Reyes
|
0-0: Ball 1-0: Ball 2-0: Swinging Strike 2-1: Swinging Strike 2-2: Ground out 4-3 (Groundball, 4M) Xavier Vásquez to second
|
Batting: LHB Yun Yen
|
0-0: Ball 1-0: Called Strike 1-1: Ground out 4-3 (Groundball, 4) Xavier Vásquez to third
|
Batting: RHB Jeff Green
|
0-0: Called Strike 0-1: Fly out, F6 (Flyball, 7S)
|
Top of the 3rd over - 0 run(s), 1 hit(s), 0 error(s), 1 left on base; Austin 4 - Las Vegas 2 |
BOTTOM OF THE 3RD |
Las Vegas Flamingos batting - Pitching for Austin Rangers : RHP Juan Valéncia
|
Batting: RHB Ted Young
|
0-0: Foul Ball, location: 2F 0-1: Ground out 5-3 (Groundball, 56)
|
Batting: LHB Victor Adams
|
0-0: Fly out, F7 (Line Drive, 5D)
|
Batting: RHB Jeff Young
|
0-0: Ball 1-0: Foul Ball, location: 2F 1-1: SINGLE (Line Drive, 8LS)
|
Batting: LHB Chris McKinney
|
0-0: Foul Ball, location: 2F 0-1: Swinging Strike 0-2: Strikes out looking
|
Bottom of the 3rd over - 0 run(s), 1 hit(s), 0 error(s), 1 left on base; Austin 4 - Las Vegas 2 |
TOP OF THE 4TH |
Austin Rangers batting - Pitching for Las Vegas Flamingos : LHP Jesús Tejeda
|
Batting: RHB Pablo Trujillo
|
0-0: Fly out, F8 (Flyball, 8RM)
|
Batting: LHB Motoshige Kitamura
|
0-0: Called Strike 0-1: SINGLE (Line Drive, 34D)
|
Batting: RHB Yuji Ine
|
0-0: Ball 1-0: Foul Ball, location: 2F 1-1: Ball 2-1: Grounds into double play, 4-6-3 (Groundball, 4)
|
Top of the 4th over - 0 run(s), 1 hit(s), 0 error(s), 0 left on base; Austin 4 - Las Vegas 2 |
BOTTOM OF THE 4TH |
Las Vegas Flamingos batting - Pitching for Austin Rangers : RHP Juan Valéncia
|
Batting: RHB Terry Sylvester
|
0-0: Ball 1-0: Called Strike 1-1: Foul Ball, location: 2F 1-2: Fly out, F3 (Popup, 3SF)
|
Batting: RHB Pablo Lugo
|
0-0: Called Strike 0-1: Called Strike 0-2: Ball 1-2: Ground out 6-3 (Groundball, 6M)
|
Batting: LHB Sinclair van Kooten
|
0-0: Called Strike 0-1: Ball 1-1: Fly out, F6 (Popup, 6M)
|
Bottom of the 4th over - 0 run(s), 0 hit(s), 0 error(s), 0 left on base; Austin 4 - Las Vegas 2 |
TOP OF THE 5TH |
Austin Rangers batting - Pitching for Las Vegas Flamingos : LHP Jesús Tejeda
|
Batting: LHB Phil Ritchie
|
0-0: Fly out, F7 (Flyball, 8LM)
|
Batting: RHB Tony Hernández
|
0-0: Ball 1-0: Foul Ball, location: 2F 1-1: Foul Ball, location: 2F 1-2: SINGLE (Groundball, 4MD) (infield hit)
|
Batting: SHB Xavier Vásquez
|
0-0: Ball 1-0: Ball 2-0: Reached on error, E4 (Groundball, 4M) Tony Hernández to second
|
Batting: LHB Jesús Reyes
|
0-0: Ball 1-0: Ball 2-0: Reached on error, E4 (Groundball, 4) Tony Hernández to third Xavier Vásquez to second
|
Batting: LHB Yun Yen
|
0-0: Called Strike 0-1: Grounds into double play, 4-6-3 (Groundball, 4)
|
Top of the 5th over - 0 run(s), 1 hit(s), 2 error(s), 2 left on base; Austin 4 - Las Vegas 2 |
BOTTOM OF THE 5TH |
Las Vegas Flamingos batting - Pitching for Austin Rangers : RHP Juan Valéncia
|
Batting: SHB Shojiro Kimura
|
0-0: Called Strike 0-1: Foul Ball, location: 2F 0-2: Ball 1-2: Fly out, F7 (Line Drive, 7S)
|
Batting: RHB Sake van Arem
|
0-0: Called Strike 0-1: Fly out, F9 (Flyball, 9M)
|
Batting: RHB Ted Young
|
0-0: Ground out 2-3 (Groundball, 25)
|
Bottom of the 5th over - 0 run(s), 0 hit(s), 0 error(s), 0 left on base; Austin 4 - Las Vegas 2 |
TOP OF THE 6TH |
Austin Rangers batting - Pitching for Las Vegas Flamingos : LHP Jesús Tejeda
|
Batting: RHB Jeff Green
|
0-0: Ball 1-0: Called Strike 1-1: Ground out 4-3 (Groundball, 6MD)
|
Batting: RHB Pablo Trujillo
|
0-0: Called Strike 0-1: Ground out 6-3 (Groundball, 6)
|
Batting: LHB Motoshige Kitamura
|
0-0: Ground out 4-3 (Groundball, 4)
|
Top of the 6th over - 0 run(s), 0 hit(s), 0 error(s), 0 left on base; Austin 4 - Las Vegas 2 |
BOTTOM OF THE 6TH |
Las Vegas Flamingos batting - Pitching for Austin Rangers : RHP Juan Valéncia
|
Batting: LHB Victor Adams
|
0-0: Ball 1-0: Ball 2-0: Foul Ball, location: 2F 2-1: Called Strike 2-2: Ball 3-2: Foul Ball, location: 2F 3-2: Base on Balls
|
Batting: RHB Jeff Young
|
0-0: Ball 1-0: Ball 2-0: Foul Ball, location: 2F 2-1: SINGLE (Line Drive, 6MD) Victor Adams to second Runner from 2nd tries for 3rd, OUT!
|
Batting: LHB Chris McKinney
|
0-0: Swinging Strike 0-1: Swinging Strike 0-2: Foul Ball, location: 2F 0-2: Ball 1-2: Foul Ball, location: 2F 1-2: Foul Ball, location: 2F 1-2: Ground out 5-3 (Groundball, 56S) Jeff Young to second
|
Batting: RHB Terry Sylvester
|
0-0: Called Strike 0-1: Ball 1-1: Ball 2-1: Fly out, F4 (Popup, 34)
|
Bottom of the 6th over - 0 run(s), 1 hit(s), 0 error(s), 1 left on base; Austin 4 - Las Vegas 2 |
TOP OF THE 7TH |
Austin Rangers batting - Pitching for Las Vegas Flamingos : LHP Jesús Tejeda
|
Batting: RHB Yuji Ine
|
0-0: SINGLE (Line Drive, 89S)
|
Batting: LHB Phil Ritchie
|
0-0: Ball 1-0: Bunted foul 1-1: Sac Bunt - play at first, batter OUT! 1-4 Yuji Ine to second
|
Batting: RHB Tony Hernández
|
0-0: Called Strike 0-1: Ground out 5-3 (Groundball, 5S) Yuji Ine to third
|
Batting: SHB Xavier Vásquez
|
0-0: Ball 1-0: Fly out, F7 (Line Drive, 7M)
|
Top of the 7th over - 0 run(s), 1 hit(s), 0 error(s), 1 left on base; Austin 4 - Las Vegas 2 |
BOTTOM OF THE 7TH |
Las Vegas Flamingos batting - Pitching for Austin Rangers : RHP Juan Valéncia
|
Batting: RHB Pablo Lugo
|
0-0: Foul Ball, location: 2F 0-1: Ball 1-1: Fly out, F3 (Popup, 34)
|
Batting: LHB Sinclair van Kooten
|
0-0: Fly out, F2 (Popup, 2LF)
|
Batting: SHB Shojiro Kimura
|
0-0: Ball 1-0: Called Strike 1-1: Ball 2-1: Ball 3-1: Foul Ball, location: 2F 3-2: SINGLE (Groundball, 34)
|
Batting: RHB Sake van Arem
|
0-0: Foul Ball, location: 2F 0-1: Ball 1-1: Ground out 1-3 (Groundball, 13)
|
Bottom of the 7th over - 0 run(s), 1 hit(s), 0 error(s), 1 left on base; Austin 4 - Las Vegas 2 |
TOP OF THE 8TH |
Austin Rangers batting - Pitching for Las Vegas Flamingos : LHP Jesús Tejeda
|
Batting: LHB Jesús Reyes
|
0-0: SOLO HOME RUN (Flyball, 9LD), Distance : 355 ft
|
Batting: LHB Yun Yen
|
0-0: Fly out, F8 (Flyball, 8RM)
|
Batting: RHB Jeff Green
|
0-0: Fly out, F5 (Line Drive, 5S)
|
Batting: RHB Pablo Trujillo
|
0-0: Ball 1-0: Called Strike 1-1: Ball 2-1: Called Strike 2-2: Foul Ball, location: 2F 2-2: Ball 3-2: Ground out 6-3 (Groundball, 6M)
|
Top of the 8th over - 1 run(s), 1 hit(s), 0 error(s), 0 left on base; Austin 5 - Las Vegas 2 |
BOTTOM OF THE 8TH |
Las Vegas Flamingos batting - Pitching for Austin Rangers : RHP Juan Valéncia
|
Batting: RHB Ted Young
|
0-0: Ball 1-0: Ball 2-0: Ball 3-0: Base on Balls
|
Batting: LHB Victor Adams
|
0-0: Swinging Strike 0-1: Swinging Strike 0-2: Strikes out swinging
|
Batting: RHB Jeff Young
|
0-0: Grounds into double play, 6-4-3 (Groundball, 6M)
|
Bottom of the 8th over - 0 run(s), 0 hit(s), 0 error(s), 0 left on base; Austin 5 - Las Vegas 2 |
TOP OF THE 9TH |
Austin Rangers batting - Pitching for Las Vegas Flamingos : LHP Jesús Tejeda
|
Batting: LHB Motoshige Kitamura
|
0-0: Called Strike 0-1: Foul Ball, location: 2F 0-2: Foul Ball, location: 2F 0-2: Ball 1-2: Ball 2-2: Ball 3-2: Base on Balls
|
Batting: RHB Yuji Ine
|
0-0: Fly out, F8 (Flyball, 8RXD)
|
Batting: LHB Phil Ritchie
|
0-0: Called Strike 0-1: Swinging Strike 0-2: Ball 1-2: Strikes out swinging
|
Pitching: LHP Carlos Vargas
|
|
Batting: RHB Tony Hernández
|
0-0: Ball 1-0: Called Strike 1-1: Fly out, F9 (Flyball, 89M)
|
Top of the 9th over - 0 run(s), 0 hit(s), 0 error(s), 1 left on base; Austin 5 - Las Vegas 2 |
BOTTOM OF THE 9TH |
Las Vegas Flamingos batting - Pitching for Austin Rangers : RHP Juan Valéncia
|
Batting: LHB Chris McKinney
|
0-0: Ball 1-0: Ball 2-0: Called Strike 2-1: Fly out, F5 (Popup, 5SF)
|
Batting: RHB Terry Sylvester
|
0-0: Ball 1-0: Swinging Strike 1-1: Fly out, F6 (Line Drive, 6)
|
Batting: RHB Pablo Lugo
|
0-0: Swinging Strike 0-1: Called Strike 0-2: Ball 1-2: Ball 2-2: DOUBLE (Flyball, 8RM)
|
Pitching: RHP Júlio Rodríguez
|
|
Batting: LHB Sinclair van Kooten
|
0-0: Called Strike 0-1: Ball 1-1: Ball 2-1: Ball 3-1: Foul Ball, location: 2F 3-2: Strikes out swinging
|
Bottom of the 9th over - 0 run(s), 1 hit(s), 0 error(s), 1 left on base; Austin 5 - Las Vegas 2 |
|